AoeStats
← Jeanfrancis

Nomad

505295377Analyzed
2v2 RM · 24d ago on Sep 8, 2026· 37m 53s· 4 players
Game mode
Random Map
Map size
176×176
Population
200
Speed
Normal
Resources
Standard
Victory
Conquest
Starting age
Dark Age
Ending age
Imperial Age
RankedLock teamsTeams togetherTeam positionsShared explorationLock speedFull tech treeHidden civsTurbo modeCheats
Victory
Defeat
🇨🇭 Koreans · Switzerland
1097
+14
🇨🇭 Persians · Switzerland
950
+55
🇧🇪 Malay · Belgium
1065
-18
🇨🇦 Mongols · Canada
1036
-17
Fede_II
4:28 Loom
14:11 Feudal Age
15:10 Double-Bit Axe
15:17 Town Watch
16:47 Wheelbarrow
20:00 Castle Age
20:06 Fletching
21:02 Bodkin Arrow
21:04 Elite Skirmisher
22:23 Bow Saw
26:55 Scale Mail Armor
33:41 Imperial Age
31:53 Forging
Pittoch
5:42 Loom
15:58 Feudal Age
18:07 Wheelbarrow
19:01 Wheelbarrow
21:10 Castle Age
22:15 Husbandry
26:00 Fervor
28:07 Fletching
31:04 Scale Barding Armor
31:12 Forging
33:28 Iron Casting
33:14 Chain Barding Armor
33:20 Murder Holes
38:26 Ballistics
Jeanfrancis
4:59 Loom
14:10 Feudal Age
19:01 Castle Age
17:03 Double-Bit Axe
20:05 Wheelbarrow
21:01 Medium Warships
21:29 Bow Saw
22:08 Gold Mining
22:09 Stone Mining
22:46 Man-at-Arms
23:42 Squires
27:38 Horse Collar
29:35 Long Swordsman
31:28 Hand Cart
36:45 Pikeman
dteeuwsen17
3:40 Loom
3:44 Loom
12:58 Feudal Age
22:32 Castle Age
21:43 Fletching
21:54 Padded Archer Armor
21:42 Double-Bit Axe
21:49 Gold Mining
22:45 Crossbowman
23:24 Bodkin Arrow
28:50 Town Watch
38:56 Imperial Age
37:03 Wheelbarrow
36:46 Bloodlines
Connection lost

Rejoining the realm…

Still unreachable

The connection could not be restored.

Session expired

The server has moved on; the page needs a fresh start.